 Dungeon Crawl Stone Soup version 0.25-a0-737-g26c3a87c45 (webtiles) character file.

Game seed: 6000376757322120289, levelgen mode: deterministic

5399 Zanatoz the Carver (level 10, -1/76 HPs)
             Began as a Human Fighter on Apr 12, 2020.
             Was an Elder of Yredelemnul.
             Slain by Gastronok (21 damage)
             ... on level 9 of the Dungeon.
             The game lasted 01:03:28 (9629 turns).

Zanatoz the Carver (Human Fighter)                  Turns: 9629, Time: 01:03:29

Health: -1/76      AC: 11    Str: 18    XL:     10   Next: 98%
Magic:  14/14      EV: 11    Int: 10    God:    Yredelemnul [****..]
Gold:   391        SH: 10    Dex: 13    Spells: 9/9 levels left

rFire    . . .     SeeInvis .   a - +2 long sword
rCold    . . .     Gourm    .   c - +0 kite shield
rNeg     . . .     Faith    .   h - +1 chain mail {MR+}
rPois    .         Spirit   .   (no helmet)
rElec    .         Reflect  .   (no cloak)
rCorr    .         Harm     .   (no gloves)
MR       +....                  (no boots)
Stlth    ..........             t - amulet of regeneration
HPRegen  0.62/turn              i - +3 ring of evasion
MPRegen  0.14/turn              b - +3 ring of evasion

@: no status effects
A: no striking features
a: Recall Undead Slaves, Injury Mirror, Animate Dead, Drain Life, Renounce
Religion


You were on level 9 of the Dungeon.
You worshipped Yredelemnul.
Yredelemnul was greatly pleased with you.
You were not hungry.

You visited 1 branch of the dungeon, and saw 9 of its levels.

You collected 391 gold pieces.

Inventory:

Hand Weapons
 a - a +2 long sword (weapon)
Armour
 c - a +0 kite shield (worn)
 h - a +1 chain mail of magic resistance (worn)
Jewellery
 b - a +3 ring of evasion (right hand)
 i - a +3 ring of evasion (left hand)
 m - an uncursed ring of wizardry
 t - an amulet of regeneration (around neck)
Wands
 l - a wand of disintegration (17)
Scrolls
 d - 5 scrolls of identify
 e - 3 scrolls of teleportation
 f - a scroll of fog
 g - 3 scrolls of remove curse
 o - a scroll of magic mapping
Potions
 j - 5 potions of curing
 k - 2 potions of lignification
 n - a potion of cancellation
 p - a potion of mutation {unknown}
Comestibles
 q - 5 rations


   Skills:
 + Level 5.7 Fighting
 * Level 11.4 Long Blades
 + Level 5.7 Armour
 - Level 0.1 Stealth
 + Level 5.9 Shields
 * Level 6.6 Invocations


You had 9 spell levels left.
You didn't know any spells.
Your spell library contained the following spells:

 Spells                   Type           Power        Failure   Level  Hunger
 Animate Skeleton         Necr           N/A          100%        1    ##.....
 Apportation              Tloc           #.....       100%        1    ##.....
 Corona                   Hex            #......      100%        1    ##.....
 Summon Small Mammal      Summ           #...         100%        1    ##.....


Dungeon Overview and Level Annotations

Branches:
Dungeon (9/15)             Temple (0/1) D:5
   Lair: D:8-11         Orc: D:9-12

Altars:
Nemelex Xobeh
Xom
Yredelemnul

Annotations:
D:9 Gastronok


Message History

You hit Gastronok.
Gastronok is almost dead.
You slash Gastronok!
Gastronok is almost dead.
Your orc zombie hits Gastronok with a +0 hand axe.
Gastronok bites your orc zombie!!
Your orc zombie is destroyed!
Gastronok gurgles horribly!
You hit Gastronok.
Gastronok is almost dead.
You hit Gastronok but do no damage.
Gastronok is almost dead.
Gastronok glows a brilliant shade of cerise.
You hit Gastronok.
Gastronok is almost dead.
You hit Gastronok.
Gastronok is almost dead.
Gastronok bites you!!
You die...
Your body rises from the dead as a mindless zombie.

'#..# #..#......#Z#
....# #..########.#
....#
...#####...........#
....#
..........Z........#
....#
.....#'###........#
....# ...
#...#........# .####
# #...#Z.......# .#
#...#........# .#
#@).#........# .#
#.w.#........#####
.#
#...#............#
.#
#...#...#######..# .
#...#...#.....#..#
..#####...#.....#..#
..........#.....#..#
..........'.....#...
..........##....#...


You could see Gastronok.

Vanquished Creatures
  Joseph (D:7)
  Grinder (D:3)
  A hippogriff (D:7)
  A yak (D:8)
  A human (D:8)
  3 hogs (D:8)
  2 orc warriors (D:7)
  A black bear (D:9)
  2 sky beasts
  2 ice beasts
  6 ogres
  2 necrophages (D:7)
  2 centaurs (D:7)
  2 bullfrogs
  2 scorpions
  A wight (D:7)
  3 howler monkeys
  2 jellies
  5 crimson imps
  A hound (D:4)
  3 bullfrog skeletons
  5 orc priests
  3 iguanas
  5 orc wizards
  4 worker ants
  A hound zombie (D:7)
  A hound skeleton (D:6)
  A howler monkey zombie (D:9)
  4 gnolls (D:4)
  14 adders
  A shadow imp (D:5)
  2 oozes
  3 worms
  A dart slug (D:1)
  3 leopard geckos
  26 orcs
  2 ball pythons
  6 bats
  6 giant cockroaches
  10 goblins
  13 hobgoblins
  18 jackals
  A quokka (D:8)
  5 frilled lizards
  4 kobolds
  10 rats
193 creatures vanquished.

Vanquished Creatures (collateral kills)
  A two-headed ogre (D:8)
  An ugly thing (D:7)
  A hungry ghost (D:7)
  An eye of draining (D:7)
  An ogre (D:7)
  A centaur (D:8)
  A scorpion (D:8)
  2 wights (D:7)
  2 crimson imps
  2 hounds
  A jelly (D:8)
  An orc priest (D:7)
  3 orc wizards
  An iguana (D:7)
  A hound skeleton (D:8)
  An adder skeleton (D:8)
  An adder zombie (D:7)
  An orc (D:7)
  A quokka (D:5)
24 creatures vanquished.

Vanquished Creatures (others)
  An ugly thing zombie (D:7)
  A centaur zombie (D:7)
  A human zombie (D:7)
  An ogre zombie (D:7)
  A sky beast zombie (D:8)
  A necrophage skeleton (D:7)
  2 iguana zombies (D:7)
  A jackal zombie (D:6)
  6 orc zombies
  A quokka zombie (D:8)
16 creatures vanquished.

Grand Total: 233 creatures vanquished

Notes
Turn   | Place    | Note
-------+----------+-------------------------------------------
     0 | D:1      | Zanatoz the Human Fighter began the quest for the Orb.
     0 | D:1      | Reached XP level 1. HP: 18/18 MP: 1/1
   339 | D:1      | You fall into a shaft and drop 1 floor!
   448 | D:2      | Reached XP level 2. HP: 20/24 MP: 2/2
   521 | D:2      | Reached XP level 3. HP: 28/29 MP: 3/3
   529 | D:2      | Found a basalt altar of Yredelemnul.
   706 | D:2      | Found a sparkling altar of Nemelex Xobeh.
  1059 | D:2      | Reached XP level 4. HP: 29/35 MP: 4/4
  1249 | D:2      | Reached skill level 3 in Long Blades
  2019 | D:2      | Became a worshipper of Yredelemnul the Dark
  2357 | D:1      | Reached XP level 5. HP: 41/41 MP: 5/5
  2552 | D:1      | Reached * piety under Yredelemnul
  2780 | D:3      | Found a faded altar of an unknown god.
  2803 | D:3      | Reached skill level 4 in Long Blades
  2842 | D:2      | Reached XP level 6. HP: 11/47 MP: 6/6
  3238 | D:3      | Reached skill level 1 in Invocations
  3260 | D:3      | Found a shimmering altar of Xom.
  3260 | D:3      | Found a shimmering altar of Xom.
  3261 | D:3      | Found a shimmering altar of Xom.
  3262 | D:3      | Found a shimmering altar of Xom.
  3262 | D:3      | Found a shimmering altar of Xom.
  3274 | D:3      | Found a shimmering altar of Xom.
  3307 | D:3      | Reached skill level 5 in Long Blades
  3394 | D:3      | Noticed Grinder
  3415 | D:3      | Killed Grinder
  3415 | D:3      | Reached XP level 7. HP: 21/53 MP: 6/8
  3940 | D:3      | Reached skill level 6 in Long Blades
  4637 | D:3      | Reached XP level 8. HP: 41/60 MP: 9/9
  4652 | D:4      | Reached skill level 7 in Long Blades
  5028 | D:4      | Reached ** piety under Yredelemnul
  5249 | D:5      | Entered Level 5 of the Dungeon
  5739 | D:5      | Reached skill level 8 in Long Blades
  5984 | D:5      | Reached XP level 9. HP: 64/66 MP: 11/11
  6000 | D:5      | Found a staircase to the Ecumenical Temple.
  7083 | D:7      | Reached skill level 9 in Long Blades
  7088 | D:7      | Noticed Joseph
  7125 | D:7      | Killed Joseph
  7316 | D:7      | Reached *** piety under Yredelemnul
  7324 | D:7      | Reached skill level 5 in Shields
  7377 | D:7      | Reached skill level 5 in Fighting
  7386 | D:7      | Reached skill level 5 in Armour
  7387 | D:7      | Reached XP level 10. HP: 69/74 MP: 13/13
  7392 | D:7      | Reached skill level 10 in Long Blades
  7392 | D:7      | Reached skill level 5 in Invocations
  7558 | D:7      | Noticed a white ugly thing
  7575 | D:7      | Killed a white ugly thing
  8067 | D:7      | Your ally Joseph died
  8589 | D:8      | Reached **** piety under Yredelemnul
  8673 | D:8      | Noticed a two-headed ogre
  8692 | D:8      | Killed a two-headed ogre
  8692 | D:8      | Reached skill level 11 in Long Blades
  9596 | D:9      | Noticed Gastronok
  9629 | D:9      | Slain by Gastronok

Levels and vault maps discovered:
D:1:      minmay_arrival_wavy_path, layout_basic, minmay_tetromino_l4
D:2:      layout_loops_ring, old_standard_altar, nemelex_spade_bored_becter
D:3:      layout_loops_ring, chequers_ecumenical_altar_simple_redux,
          first_ration, xom_redecorated, uniq_grinder
D:4:      layout_rooms
D:5:      layout_gridville, temple_green
D:6:      layout_rooms
D:7:      layout_basic, uniq_joseph
D:8:      layout_gridville, grunt_livestock
D:9:      layout_irregular_city, uniq_gastronok

Skill      XL: |  1  2  3  4  5  6  7  8  9 10 |
---------------+-------------------------------+-----
Long Blades    | 3 4 5 6 8 9 11 | 11.4
Invocations    | 1 2 3 4 6 |  6.6
Fighting       | 4 5 |  5.7
Shields        | 4 5 |  5.9
Armour         | 4 5 |  5.7
Stealth        | |  0.1

Action                   |  1- 3 |  4- 6 |  7- 9 | 10-12 || total
-------------------------+-------+-------+-------+-------++-------
Melee: Long sword        |    87 |   159 |   413 |   252 ||   911
Invok: Animate Remains   |       |       |    10 |       ||    10
       Animate Dead      |       |       |     2 |    30 ||    32
       Recall Undead Sla |       |       |     1 |       ||     1
       Injury Mirror     |       |       |       |     1 ||     1
  Use: Scroll            |     1 |     5 |     4 |     1 ||    11
       Potion            |       |     6 |     2 |     1 ||     9
 Stab: Distracted        |       |       |     1 |     5 ||     6
  Eat: Chunk             |       |     2 |       |       ||     2
       Ration            |       |     2 |     5 |     5 ||    12
Armor: Scale mail        |    38 |     3 |       |       ||    41
       Ring mail         |       |    41 |    17 |       ||    58
       Chain mail        |       |       |   127 |    74 ||   201
Dodge: Dodged            |    23 |    58 |   135 |    88 ||   304
Block: Kite shield       |    49 |    68 |   178 |   131 ||   426
       Rpst.: Long sword |     6 |    26 |    47 |    21 ||   100

Table legend:
 A = Non-vault XP
 B = Vault XP
 C = Vault XP percentage of total XP
 D = Non-vault monster count
 E = Vault monster count
 F = Vault count percentage of total count
                 A         B        C        D         E       F
            +---------+---------+-------+---------+---------+-------
      Total |    6099 |    1615 |  20.9 |     207 |      10 |   4.6
            +---------+---------+-------+---------+---------+-------
        D:1 |      40 |       9 |  18.4 |      21 |       3 |  12.5
        D:2 |     141 |       0 |   0.0 |      34 |       0 |   0.0
        D:3 |     484 |     262 |  35.1 |      25 |       1 |   3.8
        D:4 |     486 |       0 |   0.0 |      21 |       0 |   0.0
        D:5 |     610 |       0 |   0.0 |      21 |       0 |   0.0
        D:6 |     429 |       0 |   0.0 |      16 |       0 |   0.0
        D:7 |    2210 |     430 |  16.3 |      40 |       1 |   2.4
        D:8 |    1400 |     914 |  39.5 |      21 |       5 |  19.2
        D:9 |     299 |       0 |   0.0 |       8 |       0 |   0.0
            +---------+---------+-------+---------+---------+-------
